 Dungeon Crawl Stone Soup version 0.24-a0-769-g368c1644f8 (webtiles) character file.

Game seed: 15047385801896159666, levelgen mode: deterministic

71539 Argons the Covert (level 15, -2/132 HPs)
             Began as a Kobold Wizard on Oct 5, 2019.
             Was a High Priest of Vehumet.
             Slain by a phantasmal warrior (7 damage)
             ... led by a death knight
             ... on level 14 of the Dungeon.
             The game lasted 03:08:54 (41474 turns).

Argons the Covert (Kobold Wizard)                  Turns: 41474, Time: 03:08:54

Health: -2/132     AC: 27    Str:  5    XL:     15   Next: 82%
Magic:  4/41       EV:  3    Int: 24    God:    Vehumet [*****.]
Gold:   1216       SH:  5    Dex: 15    Spells: 15/40 levels left

rFire    . . .     SeeInvis +   n - staff of air
rCold    . . .     Gourm    .   (shield currently unavailable)
rNeg     + + +     Faith    .   (armour currently unavailable)
rPois    +         Spirit   .   (helmet currently unavailable)
rElec    +         Reflect  +   (cloak currently unavailable)
rCorr    .         Harm     .   (gloves currently unavailable)
MR       .....     NoTele   +   (boots currently unavailable)
Stlth    +++++.....             j - +5 amulet of reflection
HPRegen  0.32/turn              A - ring of magical power
MPRegen  0.27/turn              E - ring of see invisible

@: tree-form, vulnerable
A: small, carnivore
a: Renounce Religion


You were on level 14 of the Dungeon.
You worshipped Vehumet.
Vehumet was extremely pleased with you.
You were very full.
You were a tree.
You visited 3 branches of the dungeon, and saw 21 of its levels.

You collected 1426 gold pieces.
You spent 210 gold pieces at shops.

Inventory:

Hand Weapons
 g - a +2 short sword of draining
Missiles
 t - 81 poisoned darts (quivered)
 I - 6 curare-tipped darts
Armour
 v - a +0 cloak
 z - a +1 pair of gloves (melded)
 C - a +0 helmet (melded)
 K - a scarf of repulsion (melded)
 S - a +2 robe of magic resistance (melded)
Magical Staves
 n - an uncursed staff of air (weapon)
Jewellery
 j - a +5 amulet of reflection (around neck)
 m - an uncursed ring of protection from fire
 y - an uncursed ring of positive energy
 A - a ring of magical power (left branch)
 B - the ring "Joffuoh" {rPois rF+ rC+ Str-3}
   (You found it on level 6 of the Dungeon)

   [ring of protection from fire]

   It affects your strength (-3).
   It protects you from fire.
   It protects you from cold.
   It protects you from poison.
 E - a ring of see invisible (right branch)
 F - an uncursed ring of stealth
 L - a +3 ring of strength
 O - an uncursed amulet of harm
 P - a +1 ring of protection
 Q - an uncursed ring of flight
 Y - the amulet of Gemmotam {Spirit rC+ SInv}
   (You found it on level 14 of the Dungeon)

   [amulet of guardian spirit]

   It causes incoming damage to be split between your health and magic.
   It protects you from cold.
   It lets you see invisible.
Wands
 i - a wand of polymorph (7)
 u - a wand of paralysis (13)
 J - a wand of digging (8)
 N - a wand of iceblast (12)
 U - a wand of acid (11)
 V - a wand of enslavement (18)
 X - a wand of clouds (5)
Scrolls
 a - 4 scrolls of teleportation
 c - 8 scrolls of enchant armour
 q - 2 scrolls of vulnerability
 s - 4 scrolls of magic mapping
 w - a scroll of blinking
 D - 11 scrolls of remove curse
 G - a scroll of acquirement
 M - a scroll of amnesia
 R - 7 scrolls of identify
 T - 3 scrolls of enchant weapon
 W - a scroll of fog
Potions
 b - 3 potions of magic
 e - 8 potions of curing
 f - 4 potions of agility
 h - a potion of brilliance
 k - 2 potions of haste
 l - 2 potions of ambrosia
 o - 4 potions of might
 p - 5 potions of flight
 r - 5 potions of lignification
 x - 2 potions of heal wounds
 H - a potion of invisibility
Comestibles
 d - 37 rations


   Skills:
 + Level 8.2 Fighting
 - Level 13.0 Dodging
 - Level 13.0 Stealth
 - Level 13.0 Spellcasting
 + Level 12.2 Conjurations
   Level 1.0 Summonings
 - Level 1.0 Translocations
 - Level 2.3 Fire Magic
 + Level 12.2 Air Magic


You had 15 spell levels left.
You knew the following spells:

 Your Spells              Type           Power        Failure   Level  Hunger
a - Magic Dart            Conj           ####         1%          1    None
b - Swiftness             Chrm/Air       ######..     1%          2    None
c - Blink                 Tloc           N/A          3%          2    None
d - Conjure Flame         Conj/Fire      ######..     1%          3    None
e - Static Discharge      Conj/Air       #######.     1%          3    None
f - Airstrike             Air            #######...   1%          4    None
g - Lightning Bolt        Conj/Air       #######...   1%          5    ###....
h - Irradiate             Conj/Tmut      #####.....   2%          5    ###....

Your spell library contained the following spells:

 Spells                   Type           Power        Failure   Level  Hunger
 Fulminant Prism          Conj/Hex       #####.....   1%          4    None
 Sandblast                Erth           ###...       1%          1    None
 Shock                    Conj/Air       ####         1%          1    None
 Inner Flame              Hex/Fire       ###.....     1%          3    None
 Mephitic Cloud           Conj/Pois/Air  ######..     1%          3    None
 Stone Arrow              Conj/Erth      #####.       1%          3    None
 Apportation              Tloc           ###...       2%          1    None
 Summon Small Mammal      Summ           ###.         2%          1    None
 Animate Skeleton         Necr           N/A          3%          1    None
 Confusing Touch          Hex            ###...       3%          1    None
 Corona                   Hex            ###....      3%          1    None
 Call Imp                 Summ           ###.....     3%          2    None
 Passwall                 Tmut/Erth      ###.....     6%          2    None
 Slow                     Hex            ###.....     6%          2    None
 Gell's Gravitas          Tloc           ###.......   8%          3    None
 Portal Projectile        Hex/Tloc       ###...       10%         3    None
 Confuse                  Hex            ###.....     12%         3    None
 Lee's Rapid Deconstruct  Erth           ###.......   26%         5    ###....
 Yara's Violent Unravell  Hex/Tmut       ###.......   26%         5    ###....
 Cause Fear               Hex            ###.......   36%         4    None
 Leda's Liquefaction      Hex/Erth       ###.......   36%         4    None
 Petrify                  Tmut/Erth      ###.....     36%         4    None
 Metabolic Englaciation   Hex/Ice        ###.......   71%         5    ###....


Dungeon Overview and Level Annotations

Branches:
Dungeon (14/15)            Temple (1/1) D:5            Lair (6/6) D:8
 Shoals (0/4) Lair:3       Spider (0/4) Lair:3        Slime (0/5) Lair:5
    Orc (0/2) D:10         Vaults (0/5) D:13

Altars:
Ashenzari
Cheibriados
Dithmenos
Elyvilon
Fedhas
Gozag
Hepliaklqana
Kikubaaqudgha
Makhleb
Nemelex Xobeh
Okawaru
Qazlal
Ru
Sif Muna
Trog
Uskayaw
Vehumet
Wu Jian
Xom
Yredelemnul
Zin
The Shining One
Jiyva

Shops:
D:4 =   D:5 :   D:7 !   D:8 *   D:13 %=

Annotations:
D:4 jew shop
D:7 potions
D:8 mut pot
D:9 Erolcha
D:13 jews+rations, 1 runed translucent door, Thargor's ghost, journeyman DEFE
Lair:5 1 runed translucent door


Innate Abilities, Weirdness & Mutations

You are small and have problems with some larger weapons.
You are carnivorous and can eat meat at any time.


Message History

The phantasmal warrior hits you!
* * * LOW HITPOINT WARNING * * *
You hit the phantasmal warrior but do no damage.
The phantasmal warrior is heavily damaged.
The phantasmal warrior barely misses you.
You barely miss the phantasmal warrior.
The phantasmal warrior is heavily damaged.
The phantasmal warrior hits you but does no damage.
You hit the phantasmal warrior but do no damage.
The phantasmal warrior is heavily damaged.
The phantasmal warrior hits you!
* * * LOW HITPOINT WARNING * * *
You hit the phantasmal warrior but do no damage.
The phantasmal warrior is heavily damaged.
The phantasmal warrior hits you!
* * * LOW HITPOINT WARNING * * *
You hit the phantasmal warrior but do no damage.
The phantasmal warrior is heavily damaged.
The phantasmal warrior hits you!
You die...

..# #..............+ ..#
#..............#
..####..............#
####....##+###+#....#
#....#......'....#
#.<..+......#....#
#....#..##..#....#
#....#'######....#
#....#......+♣...#
#....'......#W...#
#....#......#....#+###
#....#......#........#
####....#..##.[#........#
.......######'##........+
.......#...#...#.)......#
#.
.......#...#...#..).....#
#.
.......#...'...#........#
.


You could see a phantasmal warrior.

Vanquished Creatures
  A dire elephant (Lair:6)
  Snorg (D:11)
  8 hydras
  A merfolk avatar (Lair:6)
  A centaur warrior (D:13)
  2 death knights
  An ogre mage (D:13)
  4 two-headed ogres
  2 tengu warriors (D:13)
  A deep elf knight (D:13)
  A skeletal warrior (D:14)
  2 unseen horrors
  A sea snake (Lair:6)
  5 deep elf magi
  A phantasmal warrior (D:14)
  A wolf spider zombie (D:14)
  Pikel (D:7)
  A harpy (Lair:6)
  A manticore (Lair:3)
  2 cyclopes
  6 oklob plants
  4 elephants
  4 black mambas (Lair:6)
  18 spiny frogs
  2 gargoyles
  3 rime drakes
  4 yaktaurs (D:13)
  9 komodo dragons
  2 trolls
  5 polar bears
  2 wind drakes (Lair:6)
  3 jumping spiders (Lair:3)
  Prince Ribbit (D:5)
  8 blink frogs
  3 hornets (Lair:6)
  5 dream sheep (Lair:4)
  27 slime creatures
  12 hippogriffs
  A shadow (D:13)
  A vampire (D:14)
  3 redbacks (Lair:3)
  4 wyverns
  2 wraiths
  32 yaks
  Grum (D:8)
  4 basilisks
  3 hungry ghosts
  4 vampire mosquitoes (D:13)
  A warg (D:10)
  A soldier ant (D:13)
  18 water moccasins
  A black bear (Lair:5)
  6 porcupines
  An eye of draining (D:13)
  4 orc warriors
  A sky beast (D:8)
  6 ice beasts
  9 ogres
  4 slaves (D:7)
  2 necrophages (D:8)
  3 phantoms (D:8)
  4 boggarts (Lair:5)
  24 wolves
  9 centaurs
  6 crocodiles
  A wyvern zombie (D:10)
  4 big kobolds
  19 bullfrogs
  A gnoll sergeant (D:6)
  2 scorpions
  A wyvern skeleton (D:6)
  23 killer bees
  9 wights (D:11)
  10 crimson imps
  3 centaur zombies
  2 quasits
  5 hounds
  3 jellies
  3 bullfrog skeletons
  3 orc priests
  4 centaur skeletons
  Jessica (D:2)
  6 orc wizards
  Natasha (thrice) (D:3)
  4 iguanas
  9 worker ants
  A killer bee zombie (D:7)
  2 hound zombies (D:7)
  3 hound skeletons
  14 adders
  9 gnolls
  2 howler monkey skeletons
  3 shadow imps
  An ooze (D:6)
  4 adder skeletons
  2 worms (D:2)
  4 dart slugs
  4 leopard geckos
  25 orcs
  5 ball pythons
  6 giant cockroaches
  13 hobgoblins
  10 jackals
  35 kobolds
  3 quokkas
  10 bats
  8 frilled lizards
  10 goblins
  2 jackal skeletons
  A quokka skeleton (D:5)
  A quokka zombie (D:10)
  5 rats
  A fungus (Lair:6)
611 creatures vanquished.

Vanquished Creatures (others)
  4 fungi
  4 plants
  2 withered plants (D:13)
10 creatures vanquished.

Grand Total: 621 creatures vanquished

Notes
Turn   | Place    | Note
-------+----------+-------------------------------------------
     0 | D:1      | Argons the Kobold Wizard began the quest for the Orb.
     0 | D:1      | Reached XP level 1. HP: 10/10 MP: 4/4
   159 | D:1      | Reached XP level 2. HP: 15/15 MP: 3/6
   163 | D:1      | Learned a level 2 spell: Call Imp
   649 | D:1      | Reached XP level 3. HP: 19/19 MP: 3/7
  1292 | D:2      | Learned a level 2 spell: Blink
  1296 | D:2      | Learned a level 3 spell: Conjure Flame
  1573 | D:2      | Noticed Jessica
  1579 | D:2      | Killed Jessica
  1579 | D:2      | Reached XP level 4. HP: 21/24 MP: 1/8
  1805 | D:2      | Reached skill level 5 in Stealth
  1974 | D:2      | Reached XP level 5. HP: 28/28 MP: 3/10
  2865 | D:3      | Noticed Natasha
  3466 | D:3      | Found a glowing drain.
  4090 | D:3      | Found a white marble altar of Elyvilon.
  4096 | D:3      | Reached XP level 6. HP: 25/32 MP: 5/12
  4097 | D:3      | Killed Natasha
  4406 | D:3      | Noticed Natasha
  4416 | D:3      | Killed Natasha
  4460 | D:3      | Found a faded altar of an unknown god.
  4471 | D:3      | Found a glowing silver altar of Zin.
  4781 | D:3      | Noticed Natasha
  4794 | D:3      | Killed Natasha
  5012 | D:4      | Reached skill level 5 in Conjurations
  5197 | D:4      | Found Afelloy's Jewellery Shop.
  5593 | D:5      | Entered Level 5 of the Dungeon
  5659 | D:5      | Found a shimmering altar of Xom.
  5744 | D:4      | Reached XP level 7. HP: 32/36 MP: 6/13
  6013 | D:4      | Reached skill level 1 in Fire Magic
  6354 | D:5      | Found a staircase to the Ecumenical Temple.
  6363 | Temple   | Entered the Ecumenical Temple
  6586 | Temple   | Became a worshipper of Vehumet
  6628 | D:5      | Found an ancient bone altar of Kikubaaqudgha.
  6629 | D:5      | Found an iron altar of Okawaru.
  6631 | D:5      | Found a shadowy altar of Dithmenos.
  7076 | D:5      | Found Jokiram's Book Shoppe.
  7273 | D:5      | Found a sacrificial altar of Ru.
  7629 | D:5      | Noticed Prince Ribbit
  7758 | D:6      | Reached skill level 5 in Dodging
  7927 | D:6      | Reached XP level 8. HP: 41/41 MP: 9/14
  8324 | D:6      | Found an ornate altar of the Wu Jian Council.
  8366 | D:6      | Got a clouded iron ring
  8651 | D:6      | Found a snail-covered altar of Cheibriados.
  8767 | D:6      | Learned a level 3 spell: Static Discharge
  9277 | D:6      | Reached skill level 1 in Air Magic
  9421 | D:6      | Learned a level 2 spell: Swiftness
  9424 | D:6      | Identified the ring "Joffuoh" {rPois rF+ rC+ Str-3} (You
                  | found it on level 6 of the Dungeon)
  9795 | D:7      | Found Ezipnirph's Distillery.
 10509 | D:7      | Reached XP level 9. HP: 45/45 MP: 15/15
 10757 | D:7      | Noticed Pikel
 11940 | D:7      | Reached * piety under Vehumet
 11940 | D:7      | Offered knowledge of Flame Tongue by Vehumet.
 12044 | D:7      | Killed Pikel
 12389 | D:5      | Killed Prince Ribbit
 12788 | D:4      | Bought an uncursed ring of see invisible for 210 gold
                  | pieces
 12865 | D:8      | Reached XP level 10. HP: 50/50 MP: 16/16
 13404 | D:8      | Found Azisin's Changing Room.
 13611 | D:8      | Reached skill level 5 in Spellcasting
 13688 | D:8      | Found a staircase to the Lair.
 13767 | D:8      | Learned a level 4 spell: Airstrike
 14679 | D:8      | Learned a level 5 spell: Lightning Bolt
 15140 | D:8      | Noticed Grum
 15154 | D:8      | Killed Grum
 15670 | D:9      | Reached skill level 1 in Fighting
 15825 | D:9      | Noticed Erolcha
 15859 | D:10     | Entered Level 10 of the Dungeon
 15911 | D:10     | Offered knowledge of Sting by Vehumet.
 16070 | D:10     | Noticed a gargoyle
 16253 | D:9      | Noticed a two-headed ogre
 16341 | D:9      | Killed a two-headed ogre
 16341 | D:9      | Reached XP level 11. HP: 60/60 MP: 18/20
 16778 | D:9      | Reached ** piety under Vehumet
 17550 | D:9      | Reached skill level 10 in Stealth
 18247 | D:10     | Noticed an eight-headed hydra
 18344 | D:10     | Reached skill level 10 in Conjurations
 18370 | D:10     | Reached skill level 10 in Air Magic
 18909 | D:10     | Found a staircase to the Orcish Mines.
 18916 | D:10     | Offered knowledge of Throw Frost by Vehumet.
 19618 | D:10     | Reached *** piety under Vehumet
 19820 | D:10     | Identified the amulet of Xom's Capriciousness {Harm *Drain
                  | Int+2}
 19929 | D:10     | Reached XP level 12. HP: 64/64 MP: 18/22
 20082 | D:10     | Identified a scroll of acquirement
 20495 | D:10     | Killed an eight-headed hydra
 20584 | D:11     | Noticed an unseen horror
 20589 | D:11     | Killed an unseen horror
 21198 | D:11     | Noticed a seven-headed hydra
 21866 | D:11     | Noticed Snorg
 21929 | D:11     | Offered knowledge of Force Lance by Vehumet.
 22180 | Lair:1   | Entered Level 1 of the Lair of Beasts
 23207 | Lair:1   | Reached skill level 10 in Dodging
 23229 | Lair:1   | Reached **** piety under Vehumet
 23437 | Lair:1   | Noticed a six-headed hydra
 23471 | Lair:1   | Killed a six-headed hydra
 24000 | Lair:2   | Reached XP level 13. HP: 72/72 MP: 18/26
 24002 | Lair:2   | Offered knowledge of Inner Flame by Vehumet.
 24002 | Lair:2   | Reached skill level 5 in Fighting
 24002 | Lair:2   | Reached skill level 10 in Spellcasting
 26115 | Lair:3   | Found a staircase to the Shoals.
 27082 | Lair:3   | Found a hole to the Spider Nest.
 29114 | Lair:5   | Reached ***** piety under Vehumet
 29436 | Lair:5   | Reached XP level 14. HP: 84/84 MP: 18/28
 29587 | Lair:5   | Offered knowledge of Irradiate by Vehumet.
 29816 | Lair:5   | Found a runed translucent door.
 29816 | Lair:5   | Found a viscous altar of Jiyva.
 29816 | Lair:5   | Noticed an acid blob
 29817 | Lair:5   | Found a staircase to the Slime Pits.
 29817 | Lair:5   | Noticed an acid blob
 30015 | Lair:6   | Entered Level 6 of the Lair of Beasts
 32675 | Lair:6   | Noticed a dire elephant
 32982 | Lair:6   | Learned a level 5 spell: Irradiate
 33099 | Lair:6   | Killed a dire elephant
 34107 | D:11     | Found a blossoming altar of Fedhas.
 35610 | D:11     | Killed Snorg
 36049 | D:12     | Reached XP level 15. HP: 81/88 MP: 24/30
 36384 | D:12     | Offered knowledge of Fulminant Prism by Vehumet.
 37373 | D:13     | Found Ufreschuraa's Food Shop.
 37376 | D:13     | Found Dah Hut's Jewellery Boutique.
 40273 | D:13     | Found a gate to the Vaults.
 40306 | D:13     | Found a runed translucent door.
 40307 | D:13     | Noticed Thargor's ghost (journeyman DEFE)
 40565 | D:14     | Got a clouded jade amulet
 40569 | D:14     | Identified the amulet of Gemmotam {Spirit rC+ SInv} (You
                  | found it on level 14 of the Dungeon)
 41473 | D:14     | HP: 4/132 [phantasmal warrior[a death knight] (9)]
 41474 | D:14     | Slain by a phantasmal warrior

Levels and vault maps discovered:
D:1:      shiori_arrival_oz, layout_basic, minmay_hexomino_p4
D:2:      layout_basic, chequers_serial_rivers_large_a, uniq_jessica
D:3:      layout_loops_ring, nicolae_overflow_hidden_temple, elyvilon_altar_3,
          cheibrodos_sewer_entry_sluice, first_ration,
          chequers_ecumenical_altar_simple_redux, uniq_natasha
D:4:      layout_loops_corners, enter_ossuary_5, serial_shops,
          nicolae_shop_stone
D:5:      layout_loops_corners, grunt_temple_overflow_open,
          nicolae_ru_the_path_less_chosen, nicolae_overflow_crystal_walls,
          minmay_temple_entry_grid, serial_shops, nicolae_shop_waterfront,
          uniq_prince_ribbit1
D:6:      layout_loops_corners, old_standard_altar, old_standard_altar
D:7:      layout_loops_corners, serial_shops, shop, grunt_ogre_cave, uniq_pikel
D:8:      layout_loops_ring, lair_entry_dummy, nicolae_transmutations_shop,
          uniq_grum
D:9:      layout_loops_corners, uniq_erolcha
D:10:     layout_long_grid, erik_orc_3, minivault_27, onia_ninara_cookie
D:11:     layout_roguey, minmay_misc_feat_diagonals, solitary_fountain,
          hangedman_tree_tricks, hangedman_abyss_or_decor_passed,
          dk_noncrumbling_4, uniq_snorg
D:12:     layout_roguey
D:13:     layout_small_grid, hangedman_vaults_entry_quadrant_bands,
          serial_shops, shop, nicolae_shop_waterfront, gammafunk_ghost_grave,
          minmay_fractal_squares_diagonal_5
D:14:     layout_gridville
Temple:   nicolae_temple_figure_eight
Lair:1:   layout_regular_city, gauntlet_entry_generic
Lair:2:   layout_misc_corridors, grunt_megastairs_2, serial_bayou_shore_b,
          minmay_lair_oklob_chamber
Lair:3:   layout_cave_pods, minmay_shoals_entry_beasts,
          nicolae_spider_entry_tight_spaces
Lair:4:   layout_regular_city, chequers_serial_rivers_micro_b
Lair:5:   layout_roguey, slime_altar_2, kilobyte_rumbling_trees
Lair:6:   gammafunk_lair_ancient_temple, layout_cave_pods, minivault_23,
          st_stairs_4, infiniplex_staircase_pool_2

Skill      XL: |  1  2  3  4  5  6  7  8  9 10 11 12 13 14 15 |
---------------+----------------------------------------------+-----
Stealth        | 3 4 5 7 8 10 13 | 13.0
Conjurations   | 2 3 5 6 7 9 10 11 12 | 12.2
Spellcasting   | 4 6 7 9 10 11 13 | 13.0
Dodging        | 3 5 6 10 11 13 | 13.0
Fire Magic     | 2 |  2.3
Air Magic      | 3 7 9 10 11 12 | 12.2
Fighting       | 3 4 8 |  8.2
Summonings     | |  1.0
Translocations | |  1.0

Action                   |  1- 3 |  4- 6 |  7- 9 | 10-12 | 13-15 || total
-------------------------+-------+-------+-------+-------+-------++-------
Melee: Mace              |     2 |       |       |       |       ||     2
       Short sword       |     4 |       |       |       |       ||     4
       Staff             |       |     7 |    11 |     1 |    17 ||    36
Throw: Dart              |       |     5 |    21 |     3 |       ||    29
 Cast: Magic Dart        |    84 |   201 |   286 |   343 |    18 ||   932
       Conjure Flame     |       |     2 |    15 |     4 |       ||    21
       Static Discharge  |       |       |    22 |   153 |   102 ||   277
       Swiftness         |       |       |     2 |     1 |       ||     3
       Lightning Bolt    |       |       |       |    29 |    70 ||    99
       Airstrike         |       |       |       |    93 |   562 ||   655
       Blink             |       |       |       |       |     1 ||     1
  Use: Scroll            |     5 |     6 |     7 |     4 |    11 ||    33
       Potion            |       |       |     1 |       |     1 ||     2
 Stab: Sleeping          |       |       |       |       |     1 ||     1
  Eat: Chunk             |    10 |    12 |    24 |    52 |    67 ||   165
       Ration            |       |       |       |     1 |       ||     1
Armor: Robe              |     2 |     6 |    11 |    22 |    15 ||    56
       Skin              |       |       |       |       |     4 ||     4
Dodge: Dodged            |    18 |    31 |    66 |   127 |   136 ||   378
       Deflected         |       |       |       |     1 |     1 ||     2
Block: Other             |       |     1 |    26 |    40 |    28 ||    95
       Reflection        |       |       |     4 |     1 |     1 ||     6

Table legend:
 A = Non-vault XP
 B = Vault XP
 C = Vault XP percentage of total XP
 D = Non-vault monster count
 E = Vault monster count
 F = Vault count percentage of total count
                 A         B        C        D         E       F
            +---------+---------+-------+---------+---------+-------
      Total |   67583 |   34616 |  33.9 |     472 |     134 |  22.1
            +---------+---------+-------+---------+---------+-------
        D:1 |      43 |       6 |  12.2 |      26 |       3 |  10.3
        D:2 |     105 |      37 |  26.1 |      25 |       1 |   3.8
        D:3 |     198 |      40 |  16.8 |      35 |       4 |  10.3
        D:4 |     211 |       0 |   0.0 |      11 |       0 |   0.0
        D:5 |     315 |     277 |  46.8 |       6 |       1 |  14.3
        D:6 |     583 |       0 |   0.0 |      16 |       0 |   0.0
        D:7 |    1036 |     706 |  40.5 |      29 |       2 |   6.5
        D:8 |    2197 |     530 |  19.4 |      34 |       4 |  10.5
        D:9 |    5844 |       0 |   0.0 |      42 |       0 |   0.0
       D:10 |    1135 |    3454 |  75.3 |      23 |      34 |  59.6
       D:11 |    5791 |    2181 |  27.4 |      40 |       3 |   7.0
       D:12 |    7515 |       0 |   0.0 |      26 |       0 |   0.0
       D:13 |    7773 |    8840 |  53.2 |      28 |      26 |  48.1
       D:14 |    7843 |       0 |   0.0 |      21 |       0 |   0.0
     Lair:1 |    6251 |     213 |   3.3 |      27 |       1 |   3.6
     Lair:2 |    2517 |    3778 |  60.0 |      12 |      11 |  47.8
     Lair:3 |    3338 |    2325 |  41.1 |      12 |       8 |  40.0
     Lair:4 |    5455 |       0 |   0.0 |      23 |       0 |   0.0
     Lair:5 |    1578 |    1018 |  39.2 |       7 |       7 |  50.0
     Lair:6 |    7855 |   11211 |  58.8 |      29 |      29 |  50.0
            +---------+---------+-------+---------+---------+-------
